 Dungeon Crawl Stone Soup version 0.23.2-40-g277498a001 (webtiles) character file.

Game seed: 8469831899345475324

3737 Descartes the Blocker (level 10, 0/79 HPs)
             Began as a Formicid Fighter on Sept 8, 2019.
             Was a Believer of Dithmenos.
             Slain by a large abomination (14 damage)
             ... on level 1 of the Abyss on Sept 9, 2019.
             The game lasted 00:23:34 (7279 turns).

Descartes the Blocker (Formicid Fighter)            Turns: 7279, Time: 00:23:35

Health: 0/79       AC: 19    Str: 19    XL:     10   Next: 37%
Magic:  11/11      EV: 14    Int:  8    God:    Dithmenos [**....]
Gold:   351        SH: 12    Dex: 15    Spells: 8/9 levels left

rFire    . . .     SeeInvis +   v - +2 mace (drain)
rCold    . . .     Gourm    .   c - +0 shield
rNeg     . . .     Faith    .   H - +4 ring mail
rPois    .         Spirit   .   (helmet unavailable)
rElec    .         Reflect  .   u - +0 cloak
rCorr    .         Harm     .   (no gloves)
MR       +....                  G - +0 pair of boots
Stlth    +++.......             O - amulet of magic regeneration
HPRegen  0.23/turn              i - +3 ring of protection
MPRegen  0.37/turn              C - ring of stealth

@: no status effects
A: permanent stasis, dig shafts and tunnels, four strong arms, antennae 3, icy
blue scales 2, agile 1, weak 1
a: Dig, Shaft Self, Shadow Step, Renounce Religion


You were on level 1 of the Abyss.
You worshipped Dithmenos.
Dithmenos was pleased with you.
You were not hungry.

You visited 2 branches of the dungeon, and saw 10 of its levels.
You visited the Abyss 1 time.

You collected 527 gold pieces.
You spent 176 gold pieces at shops.

Inventory:

Hand Weapons
 a - a +0 war axe
 t - a +2 quarterstaff of chaos
 v - a +2 mace of draining (weapon)
 B - a +0 falchion of holy wrath
 M - a +2 dagger of electrocution
Missiles
 e - 2 silver tomahawks
 j - 2 poisoned tomahawks (quivered)
 n - 297 stones
 o - 114 arrows
 s - 32 poisoned needles
 w - 48 bolts
 y - 7 needles of confusion
 D - a throwing net
 K - 13 tomahawks
 L - 17 sling bullets
Armour
 c - a +0 shield (worn)
 u - a +0 cloak (worn)
 G - a +0 pair of boots (worn)
 H - a +4 ring mail (worn)
Jewellery
 b - a +6 ring of strength
 i - a +3 ring of protection (left hand)
 C - a ring of stealth (right hand)
 N - an uncursed ring of fire
 O - an amulet of magic regeneration (around neck)
Wands
 P - a wand of paralysis (6)
 Q - a wand of flame (20)
Scrolls
 g - a scroll of enchant armour {unknown}
 h - a scroll of identify
 p - a scroll of enchant weapon {unknown}
 r - 2 scrolls of fog {unknown}
 x - 5 scrolls of remove curse
 A - a scroll of magic mapping {unknown}
 E - 2 scrolls of immolation {unknown}
 F - a scroll of amnesia
 R - a scroll of random uselessness {unknown}
Potions
 d - 3 potions of might
 l - a potion of agility
 m - 7 potions of curing
 q - a potion of brilliance
 z - a potion of resistance
 J - 3 potions of lignification
Comestibles
 f - 21 rations


   Skills:
 + Level 7.1 Fighting
 + Level 6.0 Axes
 + Level 7.1 Armour
 + Level 5.0 Dodging
 + Level 2.6 Stealth
 - Level 9.6 Shields
 + Level 2.4 Invocations
 + Level 2.4 Evocations


You had 8 spell levels left.
You knew the following spells:

 Your Spells              Type           Power        Failure   Level  Hunger
a - Confusing Touch       Hex            #.....       56%         1    ##.....

Your spell library contained the following spells:

 Spells                   Type           Power        Failure   Level  Hunger
 Animate Skeleton         Necr           N/A          56%         1    ##.....
 Apportation              Tloc           #.....       56%         1    ##.....
 Flame Tongue             Conj/Fire      #....        56%         1    ##.....
 Summon Small Mammal      Summ           #...         56%         1    ##.....
 Passwall                 Tmut/Erth      #.......     71%         2    ###....
 Petrify                  Tmut/Erth      #.......     100%        4    #####..
 Lee's Rapid Deconstruct  Erth           #.........   100%        5    ######.
 Ignition                 Fire           #.........   100%        8    #######


Dungeon Overview and Level Annotations

Branches:
Dungeon (9/15)             Temple (1/1) D:5
   Lair: D:8-11         Orc: D:9-12

Altars:
Cheibriados
Dithmenos
Elyvilon
Fedhas
Gozag
Hepliaklqana
Kikubaaqudgha
Makhleb
Nemelex Xobeh
Okawaru
Qazlal
Ru
Sif Muna
Trog
Uskayaw
Wu Jian
Xom
Yredelemnul
Zin
The Shining One

Shops:
D:4 %   D:7 [   D:8 !

Annotations:
D:3 3 runed translucent doors, Name63's ghost, amateur GnWn; bildradio's ghost, amateur DrWz
D:8 exclusion: 2 oklob plants


Innate Abilities, Weirdness & Mutations

You cannot be hasted, slowed, berserked, paralysed or teleported.
You can dig through walls and to a lower floor.
Your four strong arms can wield two-handed weapons with a shield.
You have a pair of large antennae on your head. (SInv)
You are mostly covered in icy blue scales. (AC +3)
You are agile. (Dex +2)
You are weak. (Str -2)


Message History

The angel hits you with a +1 whip of holy wrath!
The angel misses you. The angel misses you.
The angel hits you but does no damage.
The angel hits you with a +1 whip of holy wrath.
You block the angel's attack. The angel barely misses you.
You block the angel's attack. You block the angel's attack. x2
The angel completely misses you. The angel closely misses you.
The angel hits you but does no damage.
The angel hits you with a +1 whip of holy wrath.
The angel barely misses you.
The angel hits you with a +1 whip of holy wrath.
The angel hits you with a +1 whip of holy wrath!
* * * LOW HITPOINT WARNING * * *
The angel hits you but does no damage. x2; The angel barely misses you.
Okay, then.
It was a potion of cancellation.
You feel magically purged.
The angel hits you but does no damage. x2; The angel misses you.
You block the angel's attack. The large abomination hits you!
You die...

#. ## ######
#..#.##.@#.#
......X#A.#
###.#.#...###.
.. #...#..#..
#..#....##.#
.#.... ..#.##
#..#..#....#
#.....#.. ##
#.# .3#.#....#


You could see an angel and a large abomination.

Vanquished Creatures
  Sigmund (D:3)
  A human (D:9)
  Grum (D:8)
  2 hungry ghosts
  Duvessa (D:7)
  An ice beast (D:7)
  2 black bears
  A phantom (D:6)
  5 ogres
  2 sky beasts (D:8)
  A centaur (D:6)
  3 wolves (D:8)
  3 bullfrogs
  Dowan (D:7)
  A wyvern skeleton (D:6)
  A scorpion (D:5)
  2 howler monkeys
  A centaur skeleton (D:8)
  3 hounds
  6 orc priests
  Crazy Yiuf (D:2)
  4 jellies
  5 iguanas
  9 orc wizards
  4 worker ants
  2 hound skeletons
  4 gnolls (D:6)
  9 adders
  5 shadow imps
  6 oozes
  An adder zombie (D:7)
  An adder skeleton (D:7)
  2 worms (D:2)
  A dart slug (D:2)
  2 leopard geckos
  36 orcs
  2 ball pythons
  5 bats
  3 giant cockroaches
  6 goblins
  6 hobgoblins
  11 jackals
  A quokka (D:3)
  8 kobolds
  A quokka skeleton (D:6)
  A quokka zombie (D:5)
  8 rats
183 creatures vanquished.

Vanquished Creatures (others)
  A withered plant (D:3)
1 creature vanquished.

Grand Total: 184 creatures vanquished

Notes
Turn   | Place    | Note
-------+----------+-------------------------------------------
     0 | D:1      | Descartes the Formicid Fighter began the quest for the Orb.
     0 | D:1      | Reached XP level 1. HP: 18/18 MP: 1/1
    79 | D:1      | Reached XP level 2. HP: 22/24 MP: 2/2
   193 | D:1      | Reached skill level 4 in Shields
   319 | D:1      | Reached XP level 3. HP: 27/29 MP: 3/3
   977 | D:2      | Found a blossoming altar of Fedhas.
  1109 | D:2      | Found a runed translucent door.
  1110 | D:2      | Noticed Crazy Yiuf
  1123 | D:2      | Killed Crazy Yiuf
  1123 | D:2      | Reached skill level 1 in Dodging
  1123 | D:2      | Reached XP level 4. HP: 5/37 MP: 4/4
  2079 | D:3      | Found a shadowy altar of Dithmenos.
  2087 | D:3      | Became a worshipper of Dithmenos the Shadowed
  2125 | D:3      | Reached XP level 5. HP: 42/42 MP: 5/5
  2191 | D:3      | Reached skill level 5 in Shields
  2275 | D:3      | Noticed Sigmund
  2293 | D:3      | Killed Sigmund
  2293 | D:3      | Reached XP level 6. HP: 34/48 MP: 6/6
  2541 | D:3      | Found a runed translucent gate.
  2541 | D:3      | Found a runed translucent gate.
  2541 | D:3      | Found a runed translucent gate.
  2541 | D:3      | Noticed bildradio's ghost (amateur DrWz)
  2542 | D:3      | Noticed Name63's ghost (amateur GnWn)
  2573 | D:4      | Found Becluyps's Food Shoppe.
  2573 | D:4      | Noticed an ogre
  2584 | D:4      | Killed an ogre
  2584 | D:4      | Reached skill level 6 in Shields
  2584 | D:4      | Reached XP level 7. HP: 28/55 MP: 7/7
  3009 | D:4      | Reached * piety under Dithmenos
  3061 | D:4      | Reached XP level 8. HP: 61/61 MP: 8/8
  3195 | D:4      | Reached skill level 5 in Fighting
  3195 | D:4      | Reached skill level 5 in Armour
  3195 | D:4      | Reached skill level 7 in Shields
  3262 | D:5      | Entered Level 5 of the Dungeon
  3753 | D:5      | Found a staircase to the Ecumenical Temple.
  3772 | Temple   | Entered the Ecumenical Temple
  4125 | D:6      | Learned a level 1 spell: Confusing Touch
  4583 | D:6      | Reached skill level 8 in Shields
  4616 | D:6      | Reached XP level 9. HP: 63/69 MP: 9/9
  4969 | D:7      | Noticed Duvessa
  4973 | D:7      | Noticed Dowan
  4993 | D:7      | Killed Duvessa
  4997 | D:7      | Killed Dowan
  4997 | D:7      | Reached ** piety under Dithmenos
  5120 | D:7      | Reached skill level 5 in Axes
  5120 | D:7      | Reached skill level 9 in Shields
  5405 | D:7      | Identified Sacesi's Disquisition on Fire and Earth
  5431 | D:7      | Found Evvif's Antique Armour Boutique.
  5893 | D:8      | Reached XP level 10. HP: 69/77 MP: 10/10
  5930 | D:8      | Noticed Grum
  5939 | D:8      | Killed Grum
  5939 | D:8      | Reached skill level 1 in Stealth
  5939 | D:8      | Reached skill level 1 in Invocations
  5939 | D:8      | Reached skill level 1 in Evocations
  6188 | D:8      | Found Vitruqeru's Distillery.
  6191 | D:8      | Bought a potion of mutation for 128 gold pieces
  6191 | D:8      | Bought a potion of curing for 48 gold pieces
  6199 | D:8      | Gained mutation: You are agile. (Dex +2) [potion of
                  | mutation]
  6199 | D:8      | Gained mutation: You are partially covered in icy blue
                  | scales. (AC +2) [potion of mutation]
  6199 | D:8      | Gained mutation: You are weak. (Str -2) [potion of
                  | mutation]
  6199 | D:8      | Gained mutation: You are mostly covered in icy blue scales.
                  | (AC +3) [potion of mutation]
  6330 | D:8      | Found a blossoming altar of Fedhas.
  6333 | D:8      | Noticed an oklob plant
  6333 | D:8      | Noticed an oklob plant
  6607 | D:9      | Reached skill level 5 in Dodging
  6654 | D:9      | Identified the +7 short sword "Gyos" {holy, rElec rF- rN+}
  7171 | D:9      | Cast into level 1 of the Abyss (orc)
  7229 | Abyss:1  | Noticed a phantasmal warrior
  7229 | Abyss:1  | Noticed an angel
  7239 | Abyss:1  | Noticed a large abomination
  7258 | Abyss:1  | Noticed a smoke demon
  7279 | Abyss:1  | Slain by a large abomination

Skill      XL: |  1  2  3  4  5  6  7  8  9 10 |
---------------+-------------------------------+-----
Shields        | 4 5 6 8 9 |  9.6
Dodging        | 1 2 3 4 5 |  5.0
Armour         | 4 5 6 7 |  7.1
Fighting       | 4 5 6 7 |  7.1
Axes           | 3 4 5 6 |  6.0
Stealth        | 2 |  2.6
Invocations    | 2 |  2.4
Evocations     | 2 |  2.4

Action                   |  1- 3 |  4- 6 |  7- 9 | 10-12 || total
-------------------------+-------+-------+-------+-------++-------
Melee: War axe           |   113 |       |       |       ||   113
       Mace              |       |    78 |   418 |   131 ||   627
       Quarterstaff      |       |    10 |       |       ||    10
 Abil: Dig               |       |     2 |       |     1 ||     3
  Use: Scroll            |       |       |       |     7 ||     7
       Potion            |       |       |       |     2 ||     2
 Stab: Sleeping          |       |       |     3 |       ||     3
  Eat: Chunk             |       |     6 |    14 |     6 ||    26
Armor: Scale mail        |    54 |    24 |    24 |       ||   102
       Ring mail         |       |       |   139 |    52 ||   191
Dodge: Dodged            |    39 |    27 |   219 |    99 ||   384
Block: Shield            |    69 |    41 |   337 |   144 ||   591
